[Event "Caplin Hastings Masters 2023-24"]
[Site "Hastings"]
[Date "2023.12.29"]
[Round "2.43"]
[White "Honey, Luke Anthony"]
[Black "Prudent, Sylvio"]
[Result "1-0"]
[ECO "B07"]
[WhiteElo "1907"]
[BlackElo "1639"]
[Annotator "NA"]
[PlyCount "77"]
[EventDate "2023.12.18"]
[EventType "swiss"]
[EventCountry "ENG"]
[SourceTitle "playchess.com"]
[Source "ChessBase"]
[SourceQuality "1"]
[TimeControl "40/6000+30:3000+30"]

1. e4 d6 2. d4 Nf6 3. f3 g6 4. Be3 Bg7 5. Nc3 b6 6. Qd2 Bb7 7. Bd3 Nc6 8. a3 a6 9. Nge2 Nd7 10. O-O-O Na7 11. Bh6 Bxh6 12. Qxh6 e5 13. f4 exd4 14. Nxd4 Qe7 15. Rhe1 O-O-O 16. Nd5 Qe8 17. c4 Nc5 18. Bc2 Nc6 19. Nf3 b5 20. b4 Nd7 21. cxb5 axb5 22. Nc3 Na7 23. Nd4 Nb6 24. Qh3+ Kb8 25. Qd3 Nc4 26. a4 c5 27. Ndxb5 Na3 28. Nxd6 Qe6 29. bxc5 Nxc2 30. Kxc2 Bc6 31. Qc4 Qg4 32. g3 Qf3 33. Nd5 Rd7 34. Rb1+ Rb7 35. Nxb7 Bxb7 36. c6 Nxc6 37. Rxb7+ Kxb7 38. Rb1+ Ka7 39. Qc5+ 1-0

[Event "Caplin Hastings Masters 2023-24"]
[Site "Hastings"]
[Date "2023.12.29"]
[Round "2.44"]
[White "Butt, Laurence"]
[Black "Norinkeviciute, Rasa"]
[Result "1/2-1/2"]
[ECO "D01"]
[WhiteElo "1688"]
[BlackElo "1905"]
[Annotator "NA"]
[PlyCount "131"]
[EventDate "2023.12.18"]
[EventType "swiss"]
[EventCountry "ENG"]
[SourceTitle "playchess.com"]
[Source "ChessBase"]
[SourceQuality "1"]
[TimeControl "40/6000+30:3000+30"]

1. d4 Nf6 2. Bg5 d5 3. Nf3 Nbd7 4. Nc3 c6 5. Qd3 Qb6 6. O-O-O e6 7. Ne5 Bb4 8. Nxd7 Bxd7 9. Bxf6 gxf6 10. a3 Bd6 11. e4 O-O-O 12. Qf3 Be7 13. g3 Kb8 14. Bh3 dxe4 15. Qxe4 Bd6 16. Rhe1 f5 17. Qe3 h5 18. Bf1 Qc7 19. f4 h4 20. Ne2 hxg3 21. hxg3 Rdg8 22. Kb1 Bc8 23. Bg2 Rh7 24. Bf3 Rhg7 25. Qf2 Qb6 26. Rd3 Qc7 27. c4 c5 28. Red1 f6 29. b4 cxb4 30. c5 Bf8 31. axb4 Bd7 32. Ra3 Bc6 33. d5 Bxd5 34. Bxd5 exd5 35. Rxd5 Qc6 36. Qd4 Be7 37. Rd3 Rc8 38. Qc4 Qe6 39. Qc2 Qe4 40. Qd2 Rh7 41. R5d4 Rh1+ 42. Kb2 Qc6 43. Nc3 Rg1 44. Qe3 Rg2+ 45. Kb3 Bf8 46. Rd8 Rh2 47. R3d7 Rh8 48. Qe8 Bxc5 49. Rxc8+ Qxc8 50. Qxc8+ Kxc8 51. Rd5 Be7 52. Rxf5 Rh3 53. Ne4 Kd7 54. Kc4 Ke6 55. Rb5 b6 56. f5+ Kd7 57. Rd5+ Kc7 58. Rd3 a5 59. bxa5 bxa5 60. Kb5 Rh5 61. Rd5 Rh1 62. Kxa5 Kc6 63. Rd4 Ra1+ 64. Ra4 Rxa4+ 65. Kxa4 Kd5 66. Nxf6+ 1/2-1/2

[Event "Caplin Hastings Masters 2023-24"]
[Site "Hastings"]
[Date "2023.12.29"]
[Round "2.45"]
[White "Suez-Panama, Gilles"]
[Black "Nainika, Gupta"]
[Result "1/2-1/2"]
[ECO "A46"]
[WhiteElo "1868"]
[BlackElo "1543"]
[Annotator "NA"]
[PlyCount "40"]
[EventDate "2023.12.18"]
[EventType "swiss"]
[EventCountry "ENG"]
[SourceTitle "playchess.com"]
[Source "ChessBase"]
[SourceQuality "1"]
[TimeControl "40/6000+30:3000+30"]

1. Nf3 Nf6 2. d4 e6 3. e3 c5 4. Bd3 Nc6 5. c3 d6 6. O-O Be7 7. Qe2 O-O 8. Rd1 Qc7 9. Nbd2 a6 10. a4 Bd7 11. b3 Rac8 12. Bb2 Nd5 13. Rac1 f5 14. c4 Ndb4 15. Bb1 Bf6 16. Nf1 Na5 17. N1d2 Nac6 18. Nf1 Na5 19. N1d2 Nac6 20. Nf1 Na5 1/2-1/2

[Event "Caplin Hastings Masters 2023-24"]
[Site "Hastings"]
[Date "2023.12.29"]
[Round "2.46"]
[White "Teh, Wee Zhun"]
[Black "Kim, Sumin"]
[Result "1-0"]
[ECO "D45"]
[WhiteElo "1858"]
[BlackElo "1358"]
[Annotator "NA"]
[PlyCount "61"]
[EventDate "2023.12.18"]
[EventType "swiss"]
[EventCountry "ENG"]
[SourceTitle "playchess.com"]
[Source "ChessBase"]
[SourceQuality "1"]
[TimeControl "40/6000+30:3000+30"]

1. d4 d5 2. c4 e6 3. Nf3 c6 4. Nc3 Nf6 5. e3 a6 6. Qc2 Bd6 7. b3 Nbd7 8. Be2 Qe7 9. Bb2 dxc4 10. bxc4 b5 11. O-O e5 12. Nh4 Nf8 13. Nf5 Bxf5 14. Qxf5 Ng6 15. Bf3 O-O 16. Bxc6 Rac8 17. Nd5 Nxd5 18. cxd5 e4 19. g3 Qa7 20. Qxe4 Ne7 21. Rfc1 Nxc6 22. Rxc6 Rxc6 23. dxc6 b4 24. d5 Qc7 25. Rc1 a5 26. Qd4 f6 27. Qe4 a4 28. Bd4 b3 29. axb3 axb3 30. Qe6+ Kh8 31. Qd7 1-0

[Event "Caplin Hastings Masters 2023-24"]
[Site "Hastings"]
[Date "2023.12.29"]
[Round "2.47"]
[White "Dewangan, Aayush"]
[Black "Sivanandan, Bodhana"]
[Result "0-1"]
[ECO "B13"]
[WhiteElo "1655"]
[BlackElo "1857"]
[Annotator "NA"]
[PlyCount "118"]
[EventDate "2023.12.18"]
[EventType "swiss"]
[EventCountry "ENG"]
[SourceTitle "playchess.com"]
[Source "ChessBase"]
[SourceQuality "1"]
[TimeControl "40/6000+30:3000+30"]

1. e4 c6 2. d4 d5 3. exd5 cxd5 4. Bd3 Nc6 5. c3 Qc7 6. h3 g6 7. Nf3 Bf5 8. O-O e6 9. Re1 Bxd3 10. Qxd3 Bg7 11. Be3 Nf6 12. Nbd2 O-O 13. b4 Rac8 14. Rac1 Rfd8 15. a4 Ne7 16. Ne5 Nf5 17. Bf4 Qe7 18. g4 Nd6 19. f3 Nd7 20. Nb3 Nxe5 21. Bxe5 Nc4 22. Bxg7 Kxg7 23. f4 Qf6 24. Rf1 Nd6 25. Nd2 Rc7 26. Qg3 Rdc8 27. Rf3 Nc4 28. Nxc4 Rxc4 29. f5 exf5 30. gxf5 g5 31. h4 h6 32. Rd1 Kh7 33. hxg5 Qxg5 34. Qxg5 hxg5 35. Rdd3 Re8 36. Kg2 Kg7 37. Rde3 Rxe3 38. Rxe3 Kf6 39. Re5 Rxc3 40. Rxd5 Rc4 41. Rb5 b6 42. a5 Rxd4 43. axb6 axb6 44. Rxb6+ Kxf5 45. b5 Rb4 46. Kh2 Ke5 47. Kg3 f5 48. Rg6 g4 49. b6 Rb3+ 50. Kf2 Kf4 51. Re6 Rb2+ 52. Kf1 Kf3 53. Re5 f4 54. Re6 g3 55. Re1 Rxb6 56. Ra1 g2+ 57. Kg1 Kg3 58. Ra3+ f3 59. Ra1 f2# 0-1

[Event "Caplin Hastings Masters 2023-24"]
[Site "Hastings"]
[Date "2023.12.29"]
[Round "2.49"]
[White "Seo, Juwon"]
[Black "Vasiliadis, Theodoros"]
[Result "0-1"]
[ECO "B32"]
[WhiteElo "1405"]
[BlackElo "1845"]
[Annotator "NA"]
[PlyCount "104"]
[EventDate "2023.12.18"]
[EventType "swiss"]
[EventCountry "ENG"]
[SourceTitle "playchess.com"]
[Source "ChessBase"]
[SourceQuality "1"]
[TimeControl "40/6000+30:3000+30"]

1. e4 c5 2. Nf3 Nc6 3. d4 cxd4 4. Nxd4 e5 5. Nb5 d6 6. N1c3 a6 7. Na3 Be7 8. Nd5 Nf6 9. Nxf6+ Bxf6 10. Nc4 O-O 11. Nxd6 Qc7 12. Nxc8 Rd8 13. Bd3 Raxc8 14. Bd2 Nd4 15. Rc1 Rd6 16. O-O Qd7 17. Bb4 Rdc6 18. c3 Bg5 19. Rb1 Ne6 20. Bc2 Qc7 21. Qg4 Be7 22. Bxe7 Qxe7 23. Rbd1 R8c7 24. Rd2 Nf4 25. Rfd1 h5 26. Rd8+ Kh7 27. Qf3 Qg5 28. g3 Rf6 29. Qe3 Nh3+ 30. Kg2 Rxf2+ 31. Qxf2 Nxf2 32. Kxf2 Rc6 33. R8d3 Rf6+ 34. Kg2 h4 35. R1d2 Qg4 36. Re3 h3+ 37. Kg1 Qc8 38. Rdd3 Qc5 39. b4 Qb6 40. c4 Qxb4 41. Bb3 Qc5 42. Bd1 Qxc4 43. g4 Qc5 44. g5 Rf4 45. Rc3 Qb6 46. Rb3 Qa7 47. Be2 g6 48. Kh1 Kg7 49. a4 Qd4 50. Rbd3 Qa1+ 51. Rd1 Qxd1+ 52. Bxd1 Rf1# 0-1

[Event "Caplin Hastings Masters 2023-24"]
[Site "Hastings"]
[Date "2023.12.30"]
[Round "3.1"]
[White "Lagarde, Maxime"]
[Black "Willow, Jonah B"]
[Result "1/2-1/2"]
[ECO "A13"]
[WhiteElo "2640"]
[BlackElo "2427"]
[Annotator "TA"]
[PlyCount "69"]
[EventDate "2023.12.18"]
[EventType "swiss"]
[EventCountry "ENG"]
[SourceTitle "playchess.com"]
[Source "ChessBase"]
[SourceQuality "1"]
[TimeControl "40/6000+30:3000+30"]

1. c4 e6 2. Nc3 Bb4 3. e4 Ne7 4. Nf3 O-O 5. d4 {[%emt 0:00:11] [#]} c5 $146 ({Predecessor:} 5... d5 6. e5 c5 7. a3 Bxc3+ 8. bxc3 h6 9. Bd3 dxc4 10. Bxc4 b6 11. Qe2 Bb7 {1-0 Belous,V (2586)-Riazantsev,A (2692) RUS-ch Higher League 67th 2014 (7)}) 6. Bd3 {[%emt 0:12:11] A13: English Opening: 1...e6.} cxd4 7. Nxd4 d5 (7... Nbc6 $5 8. a3 Bxc3+ 9. bxc3 d6 $11) 8. exd5 {[%emt 0:01:06] White has an edge.} exd5 9. cxd5 Qxd5 10. O-O Bxc3 11. bxc3 Nbc6 12. Ba3 Rd8 13. Re1 Ng6 14. Be4 Qg5 (14... Qa5 $14 {might be stronger.} 15. Nxc6 {[%mdl 64] Discovered Attack} bxc6) 15. Rb1 $16 Nxd4 16. cxd4 Be6 17. Rxb7 Qa5 ({Black should try} 17... Nf4 18. Kh1 Ng6) 18. Bc5 {[%emt 0:08:23] This pair of bishops is nice.} Qxa2 19. Qf3 Qd2 {[%emt 0:05:27][%cal Rd2e1] [#] Dodges g3} 20. Reb1 {[%emt 0:08:43] Black must now prevent R7b2. White is much more active.} Qg5 21. Qe3 Qh5 (21... h6 $16) 22. f3 {[%emt 0:02:51] Black is weak on the dark squares} (22. h3 $18) 22... a6 {[%emt 0:01:36] Wards off R7b5} 23. R7b2 (23. Re1 $16) 23... Bd5 $11 24. g4 Qh4 25. Bxd5 Rxd5 26. Qe4 Qd8 27. Rb7 h5 28. R1b6 {[%emt 0:00:31][%cal Ob7f7] Rxf7! would be deadly.} Qg5 29. h4 Qc1+ 30. Kf2 {[%emt 0:00:13] Hoping for Rxf7.} Rad8 $2 {[%emt 0:00:42][%mdl 8192] [#]} (30... hxg4 $11 31. Rxf7 (31. Qxd5 $2 g3+ 32. Kg2 Nf4+ 33. Kxg3 Nxd5 $19) (31. fxg4 Rad8 $11) 31... g3+ 32. Kg2 Nxh4+ 33. Kh3 (33. Qxh4 $2 Qd2+ 34. Kh3 Rg5 $19) 33... Qh1+ 34. Kg4 Ng2 35. Kxg3 (35. Qxd5 $2 Qh4+ 36. Kf5 Ne3+ 37. Ke5 Nxd5 $19) (35. Rf8+ Rxf8 36. Qxd5+ Kh8 $17) 35... Nf4 36. Rxf4 (36. Qxf4 Qg1+ 37. Kh4 g5+ 38. Kh3 gxf4 39. Rxf4 Rh5+ 40. Rh4 Qh1+ 41. Kg3 Qxh4+ 42. Kg2 Qg5+ 43. Kf1 Rh2) 36... Qg1+ 37. Kh3 (37. Kh4 Qh2+ 38. Kg4 Qg2+ 39. Kh4 g5+ 40. Kh5 Qh2+ $17) 37... Qh1+ 38. Kg3 Qg1+ 39. Kh3 (39. Kh4 Qh2+ 40. Kg4 Qg2+ 41. Kh4 g5+ 42. Kh5 Qh2+ $17) 39... Qh1+ 40. Kg3) 31. Rb8 $2 (31. Rxa6 $2 {perishes.} Rxc5 32. Rxg6 (32. dxc5 $2 Rd2+ $19) 32... Rc2+ 33. Kg3 Qd2 $19) (31. Rxf7 $1 $18 Nf4 32. Qxf4 (32. Rxf4 Rxc5 33. Rf5 Rc2+ 34. Kg3 Qg1+ 35. Kf4 Qc1+ 36. Kg3 Qg1+ 37. Kf4 Qc1+ 38. Kg3 $11) 32... Qxf4 33. Rxf4) 31... Nf4 {[%emt 0:00:26] And now ...Qd2+ would win.} 32. Kg3 {[%emt 0:00:49] aiming for Rb1. The board is on fire.} Ne6 33. Rxd8+ (33. Qxd5 $2 {leads to mate.} Qg1+ 34. Kh3 Nf4#) (33. Rb1 $5 Qc4 $8 34. R1b4 $11) 33... Rxd8 34. Rxe6 fxe6 35. Qxe6+ {[%emt 0:00:03] Weighted Error Value: White=0.38/Black=0.15 (very precise)} 1/2-1/2

[Event "Caplin Hastings Masters 2023-24"]
[Site "Hastings"]
[Date "2023.12.30"]
[Round "3.2"]
[White "Wadsworth, Matthew J"]
[Black "Gupta, Abhijeet"]
[Result "1/2-1/2"]
[ECO "E92"]
[WhiteElo "2448"]
[BlackElo "2596"]
[Annotator "TA"]
[PlyCount "117"]
[EventDate "2023.12.18"]
[EventType "swiss"]
[EventCountry "ENG"]
[SourceTitle "playchess.com"]
[Source "ChessBase"]
[SourceQuality "1"]
[TimeControl "40/6000+30:3000+30"]

1. d4 Nf6 2. c4 g6 3. Nc3 Bg7 4. e4 d6 5. Nf3 O-O 6. Be2 e5 7. Be3 exd4 8. Nxd4 Re8 9. f3 c6 10. Bf2 d5 11. exd5 cxd5 12. O-O Nc6 13. c5 Bd7 {[%emt 0:02:36] E92: King's Indian: Classical: 6 Be2 e5: 7 dxe5, 7 Be3 and Petrosian System without 7...Nbd7.} 14. Bb5 Nh5 15. Bxc6 (15. Nde2 $5 ) 15... bxc6 16. Qd2 {[%emt 0:00:37] Wards off Nf4} Qc7 {[%emt 0:07:48] [#]} 17. Nce2 $146 ({Predecessor:} 17. Nde2 Be5 18. g3 Ng7 19. Bd4 Nf5 20. Bxe5 Qxe5 21. Rae1 Ne3 22. Rf2 Nc4 23. Qc1 {1-0 Postny,E (2600)-Jenni,F (2456) Titled Tuesday intern op 21st April blitz 2020 (1)}) 17... Be5 {[%emt 0:04:52] This pair of bishops is nice.} 18. g3 Re7 19. b4 a5 20. a3 Ree8 21. Rac1 axb4 22. axb4 Ng7 23. Rfe1 h5 {[%emt 0:02:38] [#]} (23... Ra6 $11) 24. b5 $1 $16 h4 (24... cxb5 25. c6) 25. b6 Qb8 26. Ra1 Rxa1 27. Rxa1 Ne6 28. Nxe6 ({White has to play} 28. f4 $16 Bf6 29. Qb4) 28... Bxa1 $11 29. Nc7 Re7 30. gxh4 Be5 31. Bg3 $1 Bxc7 (31... Qf8 {looks sharper.} 32. Kf2 Bc8 33. Qg5 Bf5) 32. Bxc7 Qe8 {[%emt 0:01:02] Black is weak on the dark squares} (32... Qa8 $1 $11 {keeps the balance.}) 33. Kf2 $1 $16 {[%emt 0:01:29] b7 would be deadly. White is much more active.} Bc8 34. Bd6 Rxe2+ 35. Qxe2 Qxe2+ 36. Kxe2 {[%emt 0:00:06][%mdl 4096] Endgame KB-KB} Kg7 37. Ke3 Kf6 {[%emt 0:01:24] [#]} ({Better is} 37... f6) 38. Kf4 $1 Ke6 $2 {[%emt 0:00:28][%mdl 8192] [#]} (38... d4 $16 39. Ke4 d3 40. Kxd3 Kf5) 39. Kg5 $1 $18 d4 40. f4 Kd5 $2 {[%emt 0:21:09] [#]} (40... f5 41. Be5 (41. Kxg6 $2 {too greedy.} d3 $19) 41... d3) 41. f5 $1 gxf5 (41... d3 42. fxg6) 42. Kf4 $2 (42. Bf4 {Black must now prevent h5.} d3 43. h5) 42... d3 {[%emt 0:00:00] aiming for ...d2.} 43. Ke3 Ba6 44. h5 Ke6 45. Bf4 f6 46. Kd2 Kf7 47. Be3 Kg7 48. Ke1 {[%emt 0:00:00] h6+ is the strong threat.} Kh7 49. Bd4 ({White should try} 49. Bd2 $18) 49... Kh6 $16 50. Bxf6 {[%emt 0:00:00] And now Bc3 would win.} Kxh5 51. Bc3 {[%emt 0:00:00] Threatens to win with Kf2.} Kg4 52. Kf2 {[%emt 0:00:00] Hoping for Kg2.} Kh3 {[%emt 0:00:00] The position is equal.} 53. Kg1 Bc8 54. Bd2 Ba6 55. Be3 Bc8 56. Bc1 Ba6 57. Bd2 Bc8 58. Be3 Ba6 59. Bd2 {[%emt 0:00:00] White really could win this.   Weighted Error Value: White=0.24 (precise) /Black=0.12 (very precise)} 1/2-1/2

[Event "Caplin Hastings Masters 2023-24"]
[Site "Hastings"]
[Date "2023.12.30"]
[Round "3.3"]
[White "Zhang, Pengxiang"]
[Black "Derakhshani, Borna"]
[Result "1-0"]
[ECO "B33"]
[WhiteElo "2558"]
[BlackElo "2380"]
[Annotator "TA"]
[PlyCount "75"]
[EventDate "2023.12.18"]
[EventType "swiss"]
[EventCountry "ENG"]
[SourceTitle "playchess.com"]
[Source "ChessBase"]
[SourceQuality "1"]
[TimeControl "40/6000+30:3000+30"]

1. e4 c5 2. Nf3 Nc6 3. d4 cxd4 4. Nxd4 Nf6 5. Nc3 e5 6. Ndb5 d6 7. Bg5 a6 8. Na3 b5 9. Nd5 Be7 10. Bxf6 Bxf6 11. c3 Rb8 12. Nc2 Bg5 13. a4 bxa4 {[%emt 0:00:05] B33: Sicilian: Pelikan and Sveshnikov Variations.} 14. Ncb4 Nxb4 15. cxb4 O-O {[%emt 0:00:17] The position is equal.} 16. Rxa4 a5 17. b5 (17. Rxa5 $2 Rxb4 18. Ra4 Rxb2 $19) (17. bxa5 Rxb2 18. Bd3 Bd7 $17) 17... Bd7 {[%emt 0:00:07] [#]} 18. h4 Bh6 (18... Be7 $142) 19. Nc3 $11 d5 {[%emt 0:00:02] Repels Bc4} 20. exd5 Kh8 21. Be2 f5 22. g3 {[%emt 0:18:03] [#]} (22. O-O $1 $14 {is more appropriate.}) 22... Rb6 $146 (22... f4 $11 {feels stronger.}) ({Predecessor:} 22... f4 23. g4 f3 24. Bxf3 Bc1 25. Qxc1 Rxf3 26. Re4 Qb6 27. Qd2 Rbf8 28. Rh2 Bxb5 {½-½ Miron,L (2498)-Nisipeanu,L (2633) ROM-chT Oradea 2022 (7.5)}) 23. O-O $14 e4 ({Better is} 23... f4 $14) 24. d6 (24. Rxa5 $16 {aiming for Ra6.} e3 25. Ra6) 24... Be6 (24... Bf4 $1 $11 {keeps the balance.}) 25. Rd4 $16 (25. Rxa5 Rxd6 26. Qa1 Rd2 $15) 25... Rf6 $2 {[%emt 0:19:22] A mistake that costs the game.} (25... Rb8 $16 26. Bc4 Bd7) 26. d7 Bf4 27. Nd5 (27. gxf4 $2 Rg6+ $19) 27... Bxd5 28. Rxd5 Rbd6 {[%emt 0:02:20] Black is weak on the light squares} 29. Rxd6 (29. gxf4 $2 Rg6+ $19) 29... Rxd6 (29... Bxd6 $142 30. Qd5 Qxd7) 30. Qb3 Be5 (30... Bd2 $142 31. b6 Rxd7) 31. Qf7 (31. Rc1 $142 Rxd7 32. b6) 31... Rxd7 $18 32. Qxf5 Bxb2 (32... Qe7 33. Qxe4 Bxb2 34. Qa8+ Rd8 35. Qxa5 Bd4) 33. Rb1 ({Weaker is} 33. Qxe4 Re7 34. Qc2 Bd4 $18) 33... Rd2 {[%emt 0:01:45] [#]} (33... g6 34. Qxe4 Re7) 34. b6 $1 {[%emt 0:00:50][%cal Ob6b7] Hoping for b7!} (34. Qxe4 a4 $16) 34... g6 35. Qf4 {[%emt 0:00:54][%cal Ob6b7] Threatening mate with b7!} a4 {[%emt 0:09:03] [#]} 36. b7 $1 {[%emt 0:00:13] White mates.} a3 (36... Kg7 37. b8=Q) 37. b8=Q a2 38. Qxb2+ {[%emt 0:01:42] Weighted Error Value: White=0.30/Black=0.72} 1-0

[Event "Caplin Hastings Masters 2023-24"]
[Site "Hastings"]
[Date "2023.12.30"]
[Round "3.4"]
[White "Royal, Shreyas"]
[Black "Jacobson, Brandon"]
[Result "1-0"]
[ECO "E53"]
[WhiteElo "2438"]
[BlackElo "2538"]
[Annotator "TA"]
[PlyCount "125"]
[EventDate "2023.12.18"]
[EventType "swiss"]
[EventCountry "ENG"]
[SourceTitle "playchess.com"]
[Source "ChessBase"]
[SourceQuality "1"]
[TimeControl "40/6000+30:3000+30"]

1. d4 Nf6 2. c4 e6 3. Nc3 Bb4 4. e3 O-O 5. Bd3 d5 6. a3 Bxc3+ 7. bxc3 dxc4 8. Bxc4 c5 9. Nf3 Qc7 10. Be2 b6 {[%emt 0:00:26] E53: Nimzo-Indian: Rubinstein: Main Line (4...0-0 5 Nf3 d5 6 Bd3 c5 7 0-0).} 11. Bb2 $1 {[%emt 0:00:43][%mdl 4] is more profitable than 11.0-0 at the moment.} Bb7 12. O-O Rd8 {[%emt 0:00:22] The position is equal.} 13. Re1 Nc6 14. Rc1 Rac8 (14... Na5 {is interesting.} 15. Nd2 Ne4 16. Nc4 b5) 15. Bd3 {[%emt 0:00:23] [#]} c4 $146 ({Predecessor:} 15... e5 16. e4 Ne8 17. d5 Ne7 18. c4 f6 19. g3 Nd6 20. Nxe5 fxe5 21. Bxe5 Ng6 {1-0 So,W (2760)-Deac,B (2700) Warsaw Superbet Blitz 2023 (9)}) 16. Bxc4 Na5 $1 17. Bf1 Bxf3 18. Qxf3 Nc4 19. Bxc4 Qxc4 20. Rcd1 Qb3 21. Rd2 Ne8 22. Qd1 Qxd1 23. Rdxd1 Rc4 24. e4 Nd6 25. Rd3 Kf8 {[%emt 0:01:17][%mdl 1024] Black has compensation.} 26. f3 Ke7 27. Kf2 Ra4 28. Rb1 Nc4 29. Bc1 Ra5 30. Rb3 Rc8 31. Ke2 Kd6 32. Kd1 f5 33. Kc2 Rf8 34. exf5 exf5 35. Rb4 Kd5 (35... b5 $1 $11 {keeps the balance.}) 36. a4 a6 37. Rd1 $1 {[%emt 0:01:18] aiming for Re1.} b5 38. axb5 axb5 39. Re1 ({White should try} 39. Kd3 $16) 39... Rf7 $2 (39... Rb8 $1 $11) 40. Re8 $1 $18 Kc6 41. Kd3 f4 {[%emt 0:31:15] [#]} 42. Rc8+ $1 Kd7 43. Rc5 Nd6 44. Rb3 Ra1 45. Kc2 Ra2+ 46. Rb2 Ra1 47. Rb1 (47. h4 $142) 47... Ra2+ {[%emt 0:00:48] [#]} (47... Rxb1 $16 {was worth a try.} 48. Kxb1 Rf5) 48. Bb2 (48. Kb3 $1 $18 Ra6 49. Rg5) 48... Re7 49. Kb3 Ra7 50. Rd5 {[%emt 0:02:51] Threatens to win with Ba3.} b4 $2 {[%emt 0:03:46] Wards off Ba3} 51. Bc1 ({Inferior is} 51. Kxb4 Rb7+ 52. Ka4 Rb6 $11) ({Don't play} 51. cxb4 $6 Re3+ 52. Bc3 (52. Kc2 Re2+ 53. Kd3 Rxg2 $16) 52... Rc7 $18) 51... bxc3 52. Kxc3 Rf7 53. Rb6 Rc7+ 54. Kd2 Rc6 55. Rb7+ Ke6 56. Rxf7 Nxf7 $16 {[%emt 0:01:24][%mdl 4096] Endgame KRB-KRN} 57. Rh5 {[%emt 0:02:03] And now d5+ would win.} Rc4 (57... g5 $16 58. Rxh7 Kf6) 58. Rxh7 g5 $2 {[%emt 0:00:32] [#]} (58... Rxd4+ {keeps fighting.} 59. Kc3 {[%mdl 64] Deflection} Rd8 60. Rxg7 (60. Bxf4 g5 $18) 60... Rc8+ 61. Kd2 Ne5) 59. d5+ $1 $18 Kf6 (59... Ke7 60. h4) 60. Bb2+ Ne5 $2 (60... Ke7 61. Kd3 Ra4) 61. d6 {[%emt 0:00:50] White threatens d7 and mate. White is clearly winning.} Rb4 62. Bc3 Rb5 63. Re7 {[%emt 0:00:11] Weighted Error Value: White=0.12 (very precise) /Black=0.22 (precise)} 1-0

[Event "Caplin Hastings Masters 2023-24"]
[Site "Hastings"]
[Date "2023.12.30"]
[Round "3.5"]
[White "Gallagher, Joseph G."]
[Black "Laurent-Paoli, Pierre"]
[Result "0-1"]
[ECO "B22"]
[WhiteElo "2427"]
[BlackElo "2524"]
[Annotator "TA"]
[PlyCount "64"]
[EventDate "2023.12.18"]
[EventType "swiss"]
[EventCountry "ENG"]
[SourceTitle "playchess.com"]
[Source "ChessBase"]
[SourceQuality "1"]
[TimeControl "40/6000+30:3000+30"]

1. e4 c5 2. Nf3 e6 3. c3 Nf6 4. e5 Nd5 5. g3 Nc6 6. Bg2 d6 7. exd6 Bxd6 8. d4 cxd4 9. Nxd4 Nxd4 10. Qxd4 O-O 11. O-O Qc7 12. Nd2 {[%emt 0:04:23][%cal Bb1d2,Bd2e4,Be4g5][%mdl 32] 12.c4 deserves study.} Bd7 13. Ne4 {[%emt 0:13:37] B22: Sicilian: 2 c3.} Be5 14. Qd3 Rad8 15. Ng5 {[%emt 0:03:39][%csl Gg5][%cal Rd3h7] The position is equal.} (15. f4 $5 Qb6+ 16. Kh1 $11) 15... Nf6 (15... g6 $5) 16. Nf3 {[%emt 0:02:31] [#]} Bc6 $146 ({Predecessor:} 16... Be8 17. Qe2 Bd6 18. Bg5 Bc6 19. Bxf6 gxf6 20. Rad1 Qa5 21. a3 Bb5 22. c4 Ba4 {½-½ Wheeler,J (1988)-James,M (1754) IECG TE.2006.S.02304 email 2008}) 17. Qe2 Bd6 18. Bg5 Be7 19. Bf4 Qa5 20. c4 Be4 21. Ne5 {[%emt 0:03:15] Prevents Bd3.} Rd4 22. Nf3 Bd3 23. Qe3 Rdd8 {[%emt 0:01:41] aiming for ...Ng4.} 24. Rfc1 Bc5 25. Qe1 Qb6 {[%emt 0:01:21] Strongly threatening ...Ng4.} 26. Be3 $1 Bxe3 27. Qxe3 Qxb2 (27... Qxe3 $15 28. fxe3 Be4) 28. Qxa7 $2 (28. Ne5 $11 {and White has nothing to worry.} Bf5 29. Re1) 28... b6 $1 $19 {[%emt 0:01:42] ...Ra8 would be deadly.} 29. Ne1 {[%emt 0:01:07] [#]} Bf5 ({And not} 29... Ng4 30. Nxd3 Rxd3 31. Rf1 $17) (29... Be4 $1 $19 30. Qc7 Ng4) 30. h3 {[%emt 0:00:31] [#] Wards off Ng4} (30. Qb7 $17) 30... Rd2 $1 {[%emt 0:00:47] Black is clearly winning.} 31. c5 (31. Rd1 $142 Rxf2 32. Qb7) 31... Qd4 32. cxb6 Qxf2+ {[%emt 0:00:24] Weighted Error Value: White=0.88/Black=0.15 (very precise)} 0-1